 Dungeon Crawl Stone Soup version 0.27.1 (webtiles) character file.

Game seed: 17497652167739896771

59 Destapler the Magician (level 3, -3/21 HPs)
             Began as a Deep Elf Hedge Wizard on Aug 29, 2021.
             Was a Follower of Ru.
             Slain by Sigmund (10 damage)
             ... on level 2 of the Dungeon.
             The game lasted 00:05:07 (2103 turns).

Destapler the Magician (Deep Elf Hedge Wizard)      Turns: 2103, Time: 00:05:08

Health: -3/21      AC:  2    Str:  7    XL:     3   Next: 78%
Magic:  10/10      EV: 12    Int: 19    God:    Ru [*.....]
Gold:   40         SH:  0    Dex: 14    Spells: 9/10 levels left

rFire    . . .     SeeInvis .   a - +1 dagger (elec)
rCold    . . .     Faith    .   (no shield)
rNeg     . . .     Spirit   .   b - +0 robe
rPois    .         Reflect  .   c - +0 hat
rElec    .         Harm     .   (no cloak)
rCorr    .         Rampage  .   (no gloves)
Will     .....                  (no boots)
Stlth    ++........             (no amulet)
HPRegen  0.07/turn              (no ring)
MPRegen  0.12/turn              (no ring)

@: no status effects
A: inability to train armour
a: Renounce Religion


You were on level 2 of the Dungeon.
You worshipped Ru.
Ru was aware of your devotion.
You visited 1 branch of the dungeon, and saw 2 of its levels.

You collected 40 gold pieces.

Inventory:

Hand Weapons
 a - a +1 dagger of electrocution (weapon)
Missiles
 d - a throwing net
Armour
 b - a +0 robe (worn)
 c - a +0 hat (worn)
Scrolls
 f - a scroll of torment {unknown}
 g - a scroll of identify {unknown}
 j - a scroll of fear {unknown}
Potions
 h - a potion of resistance {unknown}
 i - a potion of haste {unknown}


   Skills:
 + Level 1.9 Fighting
 + Level 2.3 Short Blades
 - Level 2.4 Dodging
 - Level 2.4 Stealth
 - Level 4.4 Spellcasting
 - Level 1.1 Conjurations
 - Level 1.1 Summonings
 - Level 1.1 Translocations


You had 9 spell levels left.
You knew the following spells:

 Your Spells              Type           Power      Damage    Failure   Level
a - Magic Dart            Conj           32%        1d4       9%          1

Your spell library contained the following spells:

 Spells                   Type           Power      Damage    Failure   Level
 Foxfire                  Conj/Fire      24%        2x1d5     11%         1
 Blink                    Tloc           N/A        N/A       13%         2
 Call Imp                 Summ           8%         N/A       13%         2
 Slow                     Hex            4%         N/A       21%         2
 Conjure Flame            Conj/Fire      6%         6-21      32%         3
 Mephitic Cloud           Conj/Pois/Air  5%         N/A       34%         3
 Inner Flame              Hex/Fire       4%         N/A       36%         3


Dungeon Overview and Level Annotations

Branches:
Dungeon (2/15)

Altars:
Ru

Annotations:
D:2 1 runed translucent door, Crazy Yiuf, Natasha, Sigmund


Innate Abilities, Weirdness & Mutations

You cannot train Armour skill.


Message History

The ball python barely misses you. x2
You hit the ball python.
You kill the ball python!
You see here a +0 scale mail.
You see here a +0 scale mail.
You see here 14 arrows.
You see here 15 bolts.
There is a stone staircase leading down here.
Found a ring mail.
Found a stone staircase leading down.
There is a stone staircase leading down here.
Sigmund and Natasha come into view.
Sigmund shouts!
Natasha hisses angrily.
Sigmund gestures at you while chanting. The puff of flame hits you!
Ouch! That really hurt!
Unknown command.
There is a stone staircase leading down here.
Sigmund gestures wildly while chanting.
Sigmund flickers and vanishes!
Deactivating autopickup; reactivate with Ctrl-A.
Natasha begins to cast a spell, but is stunned by your conviction!
Natasha stares at you and mumbles some strange words.
You resist with some effort.
Natasha howls an incantation.
You feel disoriented.
You redirect something's attack!
Natasha casts a spell at you. The magic dart hits you!
* * * LOW HITPOINT WARNING * * *
It was a potion of curing.
You feel better.
You completely miss Natasha. Natasha claws you but does no damage.
You hit Natasha.
Natasha is moderately wounded.
You barely miss Natasha.
Natasha is moderately wounded.
Natasha claws you.
* * * LOW HITPOINT WARNING * * *
Something hits you!
You die...

#..# ### #..# #..#
#..# #..# #..# #..#
#..# ##### ####
#[@#######...###>..
#..h.......#.....##
#######.##...#####
#............
#############


You could see Natasha.

Vanquished Creatures
  2 adders (D:2)
  2 dart slugs (D:1)
  6 ball pythons
  3 endoplasms
  4 giant cockroaches (D:1)
  5 goblins
  2 hobgoblins
  2 quokkas
  4 bats (D:1)
  A frilled lizard (D:2)
  2 kobolds
  A rat (D:1)
34 creatures vanquished.

Vanquished Creatures (others)
  A plant (D:1)
1 creature vanquished.

Grand Total: 35 creatures vanquished

Notes
Turn   | Place    | Note
-------+----------+-------------------------------------------
     0 | D:1      | Destapler the Deep Elf Hedge Wizard began the quest for the
                  | Orb.
     0 | D:1      | Reached XP level 1. HP: 10/10 MP: 7/7
    59 | D:1      | Found a faded altar of an unknown god.
    72 | D:1      | Became a worshipper of Ru the Awakened
    78 | D:1      | Gained mutation: You cannot train Armour skill. [Ru
                  | sacrifice]
    78 | D:1      | Reached * piety under Ru
   174 | D:1      | Reached skill level 1 in Short Blades
   184 | D:1      | Reached XP level 2. HP: 9/16 MP: 0/9
   325 | D:1      | Reached skill level 1 in Fighting
   989 | D:1      | Reached XP level 3. HP: 18/20 MP: 4/10
  1841 | D:2      | Found a runed translucent door.
  1842 | D:2      | Noticed Crazy Yiuf
  2081 | D:2      | Noticed Natasha
  2081 | D:2      | Noticed Sigmund
  2103 | D:2      | Slain by Sigmund

Illustrated notes

Levels and vault maps discovered:
D:1:      onia_arrival_mini_spirals, layout_basic,
          dreamdust_ecumenical_altar_grove
D:2:      layout_loops_ring, grunt_ministairs_2, uniq_crazy_yiuf_cottage,
          uniq_natasha, uniq_sigmund

Skill      XL: |  1  2  3 |
---------------+----------+-----
Short Blades   | 1 2 |  2.3
Fighting       | 1 |  1.9
Dodging        | |  2.4
Stealth        | |  2.4
Spellcasting   | |  4.4
Conjurations   | |  1.1
Summonings     | |  1.1
Translocations | |  1.1

Action                   || total
-------------------------++-------
Melee: Dagger            ||    26
 Cast: Magic Dart        ||    78
Invok: Sacrifice Durabil ||     1
  Use: Potion            ||     1
 Stab: Sleeping          ||     4
Armor: Robe              ||     6
Dodge: Dodged            ||    18
